 Dungeon Crawl Stone Soup version 0.31-a0-986-g5e6e4ef867 (webtiles) character file.

Game seed: 14394750316412647429

158 bmb222 the Sneak (level 5, -11/33 HPs)
             Began as an Octopode Shapeshifter on Nov 25, 2023.
             Mangled by Pikel
             ... wielding a +2 whip of flaming
              (13 damage)
             ... on level 4 of the Dungeon.
             The game lasted 00:04:07 (3799 turns).

bmb222 the Sneak (Octopode Shapeshifter)            Turns: 3799, Time: 00:04:08

Health: -11/33     AC:  1    Str: 22    XL:     5   Next: 40%
Magic:  5/5        EV: 13    Int: 12    God:
Gold:   181        SH:  0    Dex: 11    Spells: 4/4 levels left

rFire   . .          .
                       - Unarmed
rCold   . . .        (no shield)
rNeg    . . .        (helmet currently unavailable)
rPois   .            (no amulet)
rElec   .            k - +6 ring of strength
rCorr   .            (no ring)
SInv    .            (no ring)
Will    .....        (no ring)
Stlth   +++          (no ring)
HPRegen 0.25/turn    (no ring)
MPRegen 0.09/turn    (no ring)
                     (no ring)

%: no passive effects
@: beast-form
A: beast (slay +1), almost no armour, amphibious, 8 rings, camouflage 1,
gelatinous body 1, (nimble swimmer 1), tentacles
a: Begin Untransformation


You were on level 4 of the Dungeon.
You were a hulking beast.
You visited 1 branch of the dungeon, and saw 4 of its levels.

You collected 181 gold pieces.

Inventory:

Missiles
 j - 6 boomerangs (quivered)
Jewellery
 g - an amulet of faith
 k - a +6 ring of strength (left tentacle)
Talismans
 b - a beast talisman
 c - a flux talisman
Wands
 l - a wand of charming (10)
Scrolls
 d - 4 scrolls of teleportation
 h - a scroll of revelation
 m - a scroll of identify
Potions
 a - a potion of lignification
 e - a potion of enlightenment
 f - 3 potions of mutation {unknown}
 i - 2 potions of heal wounds {unknown}
 n - a potion of degeneration {unknown}


   Skills:
 * Level 1.2 Fighting
 * Level 0.3 Throwing
 + Level 2.5 Dodging
 * Level 4.5 Stealth
 + Level 4.3 Unarmed Combat
 - Level 3.0 Shapeshifting


You had 4 spell levels left.
You didn't know any spells.
Your spell library was empty.

Dungeon Overview and Level Annotations

Branches:
Dungeon (4/15)
 Temple: D:4-7

Altars:

Annotations:
D:4 Grinder, Pikel


Innate Abilities, Weirdness & Mutations

You are a hulking beast.
Your limbs bulge with bestial killing power. (Slay +1)
You cannot wear most types of armour.
You are amphibious.
You can wear up to eight rings at the same time.
Your skin changes colour to match your surroundings (Stealth+).
Your rubbery body absorbs attacks. (AC +1, EV +1)
((You are camouflaged when in or above water. (Stealth+)))
You have tentacles for arms and can constrict up to eight enemies at once.


Message History

HP restored.
You start waiting.
Done waiting.
There is a stone staircase leading down here.
You climb downwards.
Level annotation: Pikel
There is a stone staircase leading up here.
An endoplasm comes into view.
An endoplasm is nearby!
Found a robe.
A lemure comes into view.
Pikel shouts!
The lemure shouts!
You bludgeon Pikel! Your grab misses Pikel.
Pikel is moderately wounded.
You hear a shout!
Pikel hits you with a +2 whip of flaming!
Pikel burns you.
The endoplasm hits you but does no damage.
Okay, then.
You completely miss Pikel. Your grab misses Pikel.
Pikel is moderately wounded.
Pikel hits you with a +2 whip of flaming!
Pikel burns you. The endoplasm freezes you.
You are frozen.
* * * LOW HITPOINT WARNING * * *
As you read the scroll labelled DEWNORUINO, it crumbles to dust.
You feel aware of your surroundings.
It was a scroll of revelation.
The endoplasm barely misses you.
Pikel hits you with a +2 whip of flaming.
* * * LOW HITPOINT WARNING * * *
Pikel burns you.
* * * LOW HITPOINT WARNING * * *
Unknown command.
As you read the scroll labelled AMU CASMEUKHLOW, it crumbles to dust.
It is a scroll of identify.
e - a potion of enlightenment Pikel hits you with a +2 whip of flaming!
You die...
Pikel says, "See you in Hell!"

*,,,,,,,,,,,,,,,,* #[#.##.##...
*,,,**+**......5.#####.#.........
******,**l.......#####.####.#....
,,* *,**........#####......#.##.
*,****,**####################.###
,,,,**,* ############### #<# #
******,**####################.###
***,,,,,,........................
,,,,**,**####...h.###########.###
,,,,,,,,,..##..J5K###### #.#
******+**#.##..5..###### ##.###
,,,,,,,,,...#.....##########.....
,,,,,,,,,#.................#.....
,,,,,,,,,##................#.....
,,,,,,,,,##.#.[..........^.#.....
*********##.#..............#.....
,,,,,* *,****+*.........##'###


You could see Pikel, 2 lemures and an endoplasm.

Vanquished Creatures
  A lemure (D:3)
  An orc wizard (D:4)
  3 adders
  2 worms (D:2)
  2 dart slugs
  4 orcs
  7 endoplasms
  7 giant cockroaches
  5 hobgoblins
  17 jackals
  5 kobolds
  5 quokkas
  5 ball pythons
  7 bats
  4 frilled lizards
  6 goblins
  2 rats (D:1)
83 creatures vanquished.

Notes
Turn   | Place    | Note
-------+----------+-------------------------------------------
     0 | D:1      | bmb222 the Octopode Shapeshifter began the quest for the
                  | Orb.
     0 | D:1      | Reached XP level 1. HP: 13/13 MP: 1/1
    33 | D:1      | Reached skill level 1 in Stealth
    45 | D:1      | Reached XP level 2. HP: 17/18 MP: 2/2
   230 | D:1      | Reached XP level 3. HP: 20/23 MP: 3/3
  1261 | D:2      | Found a faded altar of an unknown god.
  1261 | D:2      | Noticed a golden eye
  1277 | D:2      | Noticed a glass eye
  1292 | D:2      | Reached XP level 4. HP: 25/28 MP: 4/4
  1842 | D:2      | Noticed a golden eye
  1846 | D:2      | Noticed a great orb of eyes
  2568 | D:3      | Reached XP level 5. HP: 33/33 MP: 5/5
  3252 | D:4      | Identified the +3 buckler of Idibemai {Str+3}
  3505 | D:4      | Noticed a lemure
  3505 | D:4      | Noticed a lemure
  3505 | D:4      | Noticed a lemure
  3505 | D:4      | Noticed an ogre
  3505 | D:4      | Noticed Pikel
  3548 | D:3      | Killed a lemure
  3794 | D:4      | Noticed a lemure
  3798 | D:4      | Noticed Grinder
  3798 | D:4      | Noticed a wyvern
  3798 | D:4      | HP: 1/33 [Pikel/+2 whip of flaming (1)]
  3799 | D:4      | Mangled by Pikel

Illustrated notes

Levels and vault maps discovered:
D:1:      sevenhm_arrival_forest_fort_small_3, layout_loops_ring
D:2:      kb_forest_paths, layout_basic, hellmonk_ecumenical_altar_watching_god,
          serial_bayou_ford_a, hangedman_abyss_or_decor_stabs,
          grunt_ministairs_11, grunt_decor_mini_mirrors, grunt_decor_resistance,
          chequers_serial_rivers_large_b
D:3:      layout_basic, nicolae_the_louvre
D:4:      layout_basic, minmay_stone_trees_medium, uniq_grinder, uniq_pikel,
          uniq_menkaure

Skill      XL: |  1  2  3  4 |
---------------+-------------+-----
Stealth        | 1 2 4 |  4.5
Unarmed Combat | 4 |  4.3
Fighting       | |  1.2
Throwing       | |  0.3
Dodging        | |  2.5
Shapeshifting  | |  3.0

Action                     |  1- 3 |  4- 6 || total
---------------------------+-------+-------++-------
  Melee: Unarmed           |    71 |    83 ||   154
         Tentacles         |    19 |    12 ||    31
         Constrict         |    18 |    18 ||    36
         Punch             |     2 |     4 ||     6
    Use: Scroll            |     1 |     2 ||     3
   Stab: Sleeping          |     7 |    12 ||    19
 Armour: Skin              |    20 |    36 ||    56
  Dodge: Dodged            |    39 |    53 ||    92

Table legend: (Time is in decaauts)
 A = Elapsed time spent in this place.
 B = Non-inter-level travel time spent in this place.
 C = Inter-level travel time spent in this place.
 D = Time resting spent in this place.
 E = Time spent auto-exploring this place.
 F = Levels seen in this place.
 G = Mean time per level.
                   A        B        C        D        E       F      G
               +--------+--------+--------+--------+--------+-----+--------+
         Total |   3787 |   3629 |    158 |    669 |   2307 |   4 |  946.8 |
       Dungeon |   3787 |   3629 |    158 |    669 |   2307 |   4 |  946.8 |
               +--------+--------+--------+--------+--------+-----+--------+

Top non-repeatable levels by time:
     D:2: 1196 daAuts
     D:1: 1132 daAuts
     D:3: 854 daAuts
     D:4: 604 daAuts
